 Dungeon Crawl Stone Soup version 0.25.1-2-g60ff931df9 (webtiles) character file.

Game seed: 10046513348559908879

233 funkygono the Conjurer (level 5, -1/28 HPs)
             Began as a Deep Elf Conjurer on Aug 23, 2020.
             Slain by Edmund
             ... wielding a +0 dire flail of holy wrath
              (11 damage)
             ... on level 4 of the Dungeon.
             The game lasted 00:06:52 (3559 turns).

funkygono the Conjurer (Deep Elf Conjurer)          Turns: 3559, Time: 00:06:52

Health: -1/28      AC:  4    Str:  5    XL:     5   Next: 74%
Magic:  2/13       EV: 13    Int: 21    God:
Gold:   89         SH:  0    Dex: 15    Spells: 6/12 levels left

rFire    . . .     SeeInvis .   j - +1 short sword
rCold    . . .     Gourm    .   (no shield)
rNeg     . . .     Faith    .   e - +1 robe {MR+}
rPois    .         Spirit   .   (no helmet)
rElec    .         Reflect  .   (no cloak)
rCorr    .         Harm     .   k - +0 pair of gloves
MR       +....                  (no boots)
Stlth    ++........             (no amulet)
HPRegen  0.09/turn              (no ring)
MPRegen  0.13/turn              (no ring)

@: no status effects
A: no striking features
a: no special abilities


You were on level 4 of the Dungeon.
You were not hungry.

You visited 1 branch of the dungeon, and saw 4 of its levels.

You collected 89 gold pieces.

Inventory:

Hand Weapons
 a - a cursed -3 mace
 j - a +1 short sword (weapon)
Missiles
 b - 59 stones (quivered)
Armour
 e - a +1 robe of magic resistance (worn)
 k - a +0 pair of gloves (worn)
Jewellery
 p - an uncursed ring of wizardry
Scrolls
 l - 2 scrolls of teleportation
Potions
 d - a potion of cancellation
 f - a potion of invisibility
 g - a potion of might {unknown}
 h - a potion of brilliance {unknown}
 q - 2 potions of curing
 r - a potion of haste {unknown}
Comestibles
 c - 6 rations


   Skills:
 + Level 0.2 Fighting
 + Level 2.8 Dodging
 + Level 3.0 Stealth
 + Level 4.3 Spellcasting
 * Level 6.5 Conjurations
 * Level 2.4 Hexes


You had 6 spell levels left.
You knew the following spells:

 Your Spells              Type           Power        Failure   Level  Hunger
a - Magic Dart            Conj           ####         1%          1    None
b - Searing Ray           Conj           ####..       1%          2    #......
c - Dazzling Flash        Conj/Hex       ###...       5%          3    ##.....

Your spell library contained the following spells:

 Spells                   Type           Power        Failure   Level  Hunger
 Fulminant Prism          Conj/Hex       ###.......   19%         4    ####...
 Iskenderun's Mystic Bla  Conj/Tloc      ###.....     30%         4    ####...


Dungeon Overview and Level Annotations

Branches:
Dungeon (4/15)
 Temple: D:4-7

Altars:
Fedhas
Makhleb

Annotations:
D:4 Edmund


Message History

Edmund barely misses you.
The searing ray hits Edmund.
Edmund is heavily wounded.
The searing ray hits Edmund!
Edmund is severely wounded.
Edmund says, "People will remember me!
They'll remember me and die!"
Edmund misses you.
The searing ray hits Edmund!
Edmund is almost dead.
You finish channeling your searing ray.
Edmund drinks a potion.
Edmund is healed!
Casting: Searing Ray (safe; 1% risk of failure)
Confirm with . or Enter, or press ? or * to list all spells.
Aiming: Searing Ray (safe; 1% risk of failure)
Press: ? - help, Shift-Dir - straight line, f/p - Edmund
Aim: Edmund, wielding a +0 dire flail of holy wrath and wearing a +0 chain mail (moderately wounded)
The searing ray misses Edmund. (Press . to maintain the ray.) Edmund hits you with a +0 dire flail of holy wrath!
You die...

......
###......
#.....=.#
##.......#
###........#
###.......†..#
#......##.#..
#.......#
###@@...#
####.## ###


You could see Edmund.

Vanquished Creatures
  A howler monkey (D:4)
  2 orc priests (D:3)
  A centaur skeleton (D:3)
  3 gnolls
  An adder (D:2)
  A worm (D:3)
  2 dart slugs (D:1)
  3 leopard geckos
  2 orcs (D:3)
  A bat (D:2)
  4 giant cockroaches
  8 hobgoblins
  4 jackals (D:3)
  6 kobolds
  2 ball pythons (D:1)
  3 frilled lizards
  9 goblins
  4 rats
57 creatures vanquished.

Notes
Turn   | Place    | Note
-------+----------+-------------------------------------------
     0 | D:1      | funkygono the Deep Elf Conjurer began the quest for the
                  | Orb.
     0 | D:1      | Reached XP level 1. HP: 10/10 MP: 6/6
   262 | D:1      | Reached XP level 2. HP: 15/15 MP: 2/8
   422 | D:1      | Reached skill level 5 in Conjurations
  1091 | D:2      | Found a burning altar of Makhleb.
  1095 | D:2      | Learned a level 2 spell: Searing Ray
  1182 | D:2      | Reached XP level 3. HP: 19/19 MP: 7/9
  1793 | D:2      | Learned a level 3 spell: Dazzling Flash
  2175 | D:3      | Reached XP level 4. HP: 24/24 MP: 4/11
  2250 | D:3      | Reached skill level 6 in Conjurations
  2250 | D:3      | Reached skill level 1 in Hexes
  2327 | D:3      | Reached XP level 5. HP: 11/28 MP: 5/13
  2572 | D:3      | Found a blossoming altar of Fedhas.
  3029 | D:3      | Found a faded altar of an unknown god.
  3452 | D:4      | Noticed Edmund
  3559 | D:4      | Slain by Edmund

Illustrated notes

Levels and vault maps discovered:
D:1:      minmay_arrival_diagonal_passages, layout_basic, minmay_pentomino_q4
D:2:      cheibrodos_old_hovel, layout_basic, bloody_makhleb
D:3:      layout_rooms, serial_rivers, chequers_serial_rivers_micro_e,
          chequers_serial_rivers_room_b, chequers_serial_rivers_small_b,
          chequers_serial_rivers_large_a, chequers_serial_rivers_micro_a,
          chequers_serial_rivers_large_b, chequers_ecumenical_altar_simple,
          fedhas_altar_2
D:4:      layout_cave_pools, kennysheep_mini_moat, uniq_edmund, uniq_eustachio,
          uniq_duvessa, uniq_pikel

Skill      XL: |  1  2  3  4  5 |
---------------+----------------+-----
Conjurations   | 5 6 |  6.5
Hexes          | 1 2 |  2.4
Spellcasting   | 4 |  4.3
Stealth        | 3 |  3.0
Fighting       | |  0.2
Dodging        | |  2.8

Action                   |  1- 3 |  4- 6 || total
-------------------------+-------+-------++-------
Melee: Short sword       |       |     6 ||     6
 Cast: Magic Dart        |    65 |    49 ||   114
       Searing Ray       |     3 |     7 ||    10
  Use: Scroll            |     4 |     6 ||    10
  Eat: Chunk             |     4 |     4 ||     8
Armor: Robe              |     2 |     4 ||     6
Dodge: Dodged            |     7 |    27 ||    34
